 Dungeon Crawl Stone Soup version 0.28.0-43-g3370ac3207 (webtiles) character file.

Game seed: 14750288551269969643

53 Ablot the Grasshopper (level 3, 0/31 HPs)
             Began as a Gnoll Warper on Mar 22, 2022.
             Killed from afar by Natasha (4 damage)
             ... with a magic dart
             ... on level 2 of the Dungeon.
             The game lasted 00:01:49 (2174 turns).

Ablot the Grasshopper (Gnoll Warper)                Turns: 2174, Time: 00:01:49

Health: 0/31       AC:  3    Str: 12    XL:     3   Next: 89%
Magic:  8/9        EV: 12    Int: 12    God:
Gold:   61         SH:  0    Dex: 11    Spells: 10/12 levels left

rFire   . . .      SeeInvis .   a - +0 spear
rCold   . . .      Faith    .   (no shield)
rNeg    . . .      Spirit   .   b - +0 leather armour
rPois   .          Reflect  .   (no helmet)
rElec   .          Harm     .   (no cloak)
rCorr   .          Rampage  .   (no gloves)
Will    .....                   (no boots)
Stlth   +.........              (no amulet)
HPRegen 0.10/turn               (no ring)
MPRegen 0.11/turn               (no ring)

@: no status effects
A: fangs 1, strong nose, distributed training
a: no special abilities


You were on level 2 of the Dungeon.
You visited 1 branch of the dungeon, and saw 2 of its levels.

You collected 61 gold pieces.

Inventory:

Hand Weapons
 a - a +0 spear (weapon)
Missiles
 d - 5 boomerangs of dispersal (quivered)
 e - 30 stones
 h - 12 bolts
 m - 26 sling bullets
Armour
 b - a +0 leather armour (worn)
Magical Staves
 f - a staff of air
Jewellery
 i - a ring of flight
Scrolls
 c - a scroll of blinking
 j - a scroll of enchant weapon {unknown}
 k - a scroll of vulnerability {unknown}
 l - a scroll of magic mapping {unknown}
Potions
 g - 3 potions of ambrosia {unknown}
 n - a potion of heal wounds {unknown}
 o - 2 potions of degeneration {unknown}


   Skills:
 + Level 4.6 Fighting
 + Level 1.0 Short Blades
 + Level 1.0 Long Blades
 + Level 1.0 Axes
 + Level 1.0 Maces & Flails
 + Level 4.6 Polearms
 + Level 1.0 Staves
 + Level 1.0 Slings
 + Level 1.0 Bows
 + Level 1.0 Crossbows
 + Level 2.6 Throwing
 + Level 2.6 Armour
 + Level 4.6 Dodging
 + Level 1.0 Stealth
 + Level 1.0 Shields
 + Level 1.0 Unarmed Combat
 + Level 5.0 Spellcasting
 + Level 0.7 Conjurations
 + Level 0.7 Hexes
 + Level 0.7 Summonings
 + Level 0.7 Necromancy
 + Level 5.4 Translocations
 + Level 0.7 Transmutations
 + Level 0.7 Fire Magic
 + Level 0.7 Ice Magic
 + Level 0.7 Air Magic
 + Level 0.7 Earth Magic
 + Level 0.7 Poison Magic
 + Level 1.0 Invocations
 + Level 1.0 Evocations


You had 10 spell levels left.
You knew the following spells:

 Your Spells              Type           Power      Damage    Failure   Level
a - Blink                 Tloc           32%        N/A       4%          2

Your spell library contained the following spells:

 Spells                   Type           Power      Damage    Failure   Level
 Gell's Gravitas          Tloc           16%        N/A       9%          3
 Lesser Beckoning         Tloc           16%        N/A       9%          3
 Teleport Other           Tloc           16%        N/A       9%          3
 Sandblast                Erth           8%         2d5       19%         1
 Passwall                 Tmut/Erth      3%         N/A       28%         2
 Stone Arrow              Conj/Erth      8%         3d7       50%         3
 Manifold Assault         Tloc           16%        N/A       58%         5


Dungeon Overview and Level Annotations

Branches:
Dungeon (2/15)

Altars:

Annotations:
D:2 Natasha, Terence


Innate Abilities, Weirdness & Mutations

You have very sharp teeth.
Your uncanny sense of smell can sniff out nearby items.
Your experience applies equally to all skills.


Message History

You are too injured to fight recklessly!
You are too injured to fight recklessly!
You are too injured to fight recklessly!
You are too injured to fight recklessly!
You are too injured to fight recklessly!
You are too injured to fight recklessly!
You are too injured to fight recklessly!
You are too injured to fight recklessly!
You are too injured to fight recklessly!
You are too injured to fight recklessly!
You are too injured to fight recklessly!
You are too injured to fight recklessly!
You hit the hobgoblin.
You kill the hobgoblin!
A goblin comes into view. It is wielding a +0 club.
A goblin is nearby!
A goblin is nearby!
Natasha, Servant of Life and Death comes into view.
Natasha hisses angrily.
The goblin shouts!
Natasha moves out of view.
The goblin barely misses you.
You hit the goblin.
You kill the goblin!
Natasha claws you.
* * * LOW HITPOINT WARNING * * *
Natasha claws you!
* * * LOW HITPOINT WARNING * * *
There is a stone staircase leading down here.
You see here a +0 club.
Casting: Blink (safe; 4% risk of failure)
Confirm with . or Enter, or press ? or * to list all spells.
You blink.
Natasha howls an incantation.
You feel disoriented.
You feel stable enough to blink again.
Natasha mumbles some strange words.
Natasha shimmers violently.
Natasha casts a spell at you. The magic dart hits you.
You die...

#..>....# #.###[##
###..#..# ##.##...####.
##..#..# #.....#.@.... ....
.# #..##...# #.h#.##
#..###.##### .
#..#.#######..# #.#...###.#
#..# .........###.#†.......
#..##########..........###
#..##.h...@.........<...†#
#.....##########...........
##.......... >...........##
########### ######...####
#...# #...# #####


You could see Natasha.

Vanquished Creatures
  An adder (D:2)
  A worm (D:2)
  A dart slug (D:2)
  2 endoplasms (D:1)
  2 giant cockroaches (D:1)
  5 goblins
  2 hobgoblins
  5 jackals (D:1)
  3 quokkas (D:1)
  3 ball pythons
  4 bats
  2 frilled lizards
  2 kobolds (D:1)
  2 rats (D:2)
35 creatures vanquished.

Notes
Turn   | Place    | Note
-------+----------+-------------------------------------------
     0 | D:1      | Ablot the Gnoll Warper began the quest for the Orb.
     0 | D:1      | Reached XP level 1. HP: 20/20 MP: 6/6
    56 | D:1      | Reached XP level 2. HP: 19/26 MP: 7/7
    59 | D:1      | Learned a level 2 spell: Blink
   886 | D:1      | Reached XP level 3. HP: 23/31 MP: 9/9
  1004 | D:1      | Reached skill level 5 in Spellcasting
  1803 | D:2      | Reached skill level 1 in Invocations
  1870 | D:2      | Noticed Terence
  2152 | D:2      | Reached skill level 1 in Short Blades
  2152 | D:2      | Reached skill level 1 in Long Blades
  2152 | D:2      | Reached skill level 1 in Axes
  2152 | D:2      | Reached skill level 1 in Maces & Flails
  2152 | D:2      | Reached skill level 1 in Staves
  2152 | D:2      | Reached skill level 1 in Slings
  2152 | D:2      | Reached skill level 1 in Bows
  2152 | D:2      | Reached skill level 1 in Crossbows
  2152 | D:2      | Reached skill level 1 in Stealth
  2152 | D:2      | Reached skill level 1 in Shields
  2152 | D:2      | Reached skill level 1 in Unarmed Combat
  2152 | D:2      | Reached skill level 1 in Evocations
  2159 | D:2      | Noticed Natasha
  2174 | D:2      | Killed from afar by Natasha

Illustrated notes

Levels and vault maps discovered:
D:1:      tarquinn_simple_flora_water_d, layout_loops_ring
D:2:      minmay_spotlight, layout_loops_ring, uniq_terence, uniq_jessica,
          uniq_natasha

Skill      XL: |  1  2  3 |
---------------+----------+-----
Spellcasting   | 5 |  5.0
Invocations    | 1 |  1.0
Short Blades   | 1 |  1.0
Long Blades    | 1 |  1.0
Axes           | 1 |  1.0
Maces & Flails | 1 |  1.0
Staves         | 1 |  1.0
Slings         | 1 |  1.0
Bows           | 1 |  1.0
Crossbows      | 1 |  1.0
Stealth        | 1 |  1.0
Shields        | 1 |  1.0
Unarmed Combat | 1 |  1.0
Evocations     | 1 |  1.0
Fighting       | |  4.6
Polearms       | |  4.6
Throwing       | |  2.6
Armour         | |  2.6
Dodging        | |  4.6
Conjurations   | |  0.7
Hexes          | |  0.7
Summonings     | |  0.7
Necromancy     | |  0.7
Translocations | |  5.4
Transmutations | |  0.7
Fire Magic     | |  0.7
Ice Magic      | |  0.7
Air Magic      | |  0.7
Earth Magic    | |  0.7
Poison Magic   | |  0.7

Action                   || total
-------------------------++-------
Melee: Spear             ||   190
       Bite              ||    14
       Punch             ||     3
 Cast: Blink             ||     2
 Stab: Sleeping          ||     1
Armor: Leather armour    ||    43
Dodge: Dodged            ||   105
